 Dungeon Crawl Stone Soup version 0.31-a0-214-gb37851dbb3 (webtiles) character file.

Game seed: 3680317772597093585

81 pokeman the Magician (level 4, 0/25 HPs)
             Began as a Deep Elf Hedge Wizard on June 30, 2023.
             Killed by divine providence
             ... invoked by an orc priest
              (15 damage)
             ... on level 2 of the Dungeon on July 1, 2023.
             The game lasted 00:04:21 (1691 turns).

pokeman the Magician (Deep Elf Hedge Wizard)        Turns: 1691, Time: 00:04:22

Health: 0/25       AC:  3    Str:  7    XL:     4   Next: 20%
Magic:  12/13      EV: 12    Int: 21    God:
Gold:   92         SH:  0    Dex: 14    Spells: 6/14 levels left

rFire   . . .        f - +2 dagger (venom)
rCold   . . .        (no shield)
rNeg    . . .        b - +0 robe
rPois   .            l - +0 helmet
rElec   .            (no cloak)
rCorr   .            (no gloves)
SInv    .            (no boots)
Will    .....        (no amulet)
Stlth   ++           (no ring)
HPRegen 0.24/turn    (no ring)
MPRegen 0.13/turn

%: no passive effects
@: no status effects
A: no striking features
a: no special abilities


You were on level 2 of the Dungeon.
You visited 1 branch of the dungeon, and saw 2 of its levels.

You collected 92 gold pieces.

Inventory:

Hand Weapons
 f - a +2 dagger of venom (weapon)
Missiles
 c - 3 curare-tipped darts
Armour
 b - a +0 robe (worn)
 l - a +0 helmet (worn)
Jewellery
 m - an amulet of reflection
Scrolls
 a - 7 scrolls of identify {unknown}
 h - a scroll of enchant weapon {unknown}
 i - a scroll of immolation {unknown}
 j - a scroll of poison {unknown}
 k - a scroll of amnesia {unknown}
Potions
 d - a potion of magic
 e - a potion of attraction {unknown}
 g - 3 potions of curing {unknown}


   Skills:
 - Level 1.0 Fighting
 - Level 1.0 Armour
 + Level 2.7 Dodging
 + Level 2.6 Stealth
 * Level 5.5 Spellcasting
 + Level 2.1 Conjurations
 - Level 1.1 Summonings
 - Level 1.1 Translocations


You had 6 spell levels left.
You knew the following spells:

 Your Spells              Type           Power      Damage    Failure   Level
a - Magic Dart            Conj           60%        1d6       4%          1
b - Mephitic Cloud        Conj/Pois/Air  8%         N/A       22%         3
c - Call Imp              Summ           20%        N/A       10%         2
d - Blink                 Tloc           20%        N/A       10%         2

Your spell library contained the following spells:

 Spells                   Type           Power      Damage    Failure   Level
 Slow                     Hex            20%        N/A       11%         1
 Cigotuvi's Dreadful Rot  Necr/Pois/Air  10%        N/A       16%         2


Dungeon Overview and Level Annotations

Branches:
Dungeon (2/15)

Altars:


Message History

Press: ? - help, Shift-Dir - straight line, f - orc
Aim: an orc, wielding a +0 club (100% to hit)
The magic dart hits the orc.
The orc is lightly wounded.
Casting: Magic Dart (safe; 4% risk of failure)
Confirm with . or Enter, or press ? or * to list all spells.
Aiming: Magic Dart (safe; 4% risk of failure)
Press: ? - help, Shift-Dir - straight line, f/p - orc
Aim: an orc, wielding a +0 club (lightly wounded, 100% to hit)
The magic dart hits the orc.
The orc is moderately wounded.
The orc misses you.
Unknown command.
You hit the orc.
You kill the orc!
You hit the orc.
The orc is poisoned.
The orc is heavily wounded.
The orc closely misses you. The orc hits you with a +0 club.
You closely miss the orc. The orc closely misses you.
The orc hits you with a +0 club.
The orc priest miscasts a cantrip.
You barely miss the orc.
The orc is severely wounded.
You kill the orc!
You hit the orc.
The orc is poisoned.
The orc is moderately wounded.
The orc hits you with a +0 flail!
You hit the orc but do no damage.
The orc looks even sicker.
The orc is severely wounded.
You kill the orc!
You hit the orc.
The orc is poisoned.
The orc is moderately wounded.
The orc hits you but does no damage.
You completely miss the orc.
The orc is heavily wounded.
You kill the orc!
The orc priest invokes the aid of Beogh against you.
Beogh smites you!
Ouch! That really hurt!
You die...

##...##.........#.#<
###.##.#########.#)
#.##.# #.#. #.##.#
#.#[ #.##.# #.#)
#..#.# #.#. .....+
+... ##########...#
#... ##.......@)o..#
#### #..#########..#
#. #.###.o....)..#
#) #.# ..8...8...#
#####'
####.#$.oo.......#
#...).
#....#o..o.......#
#.....
#.##.#$..o.......#
#.....
#.##.##..8...8....
....... #####(##.#
#.........## .######


You could see an orc priest.

Vanquished Creatures
  Robin (D:2)
  5 dart slugs
  5 orcs (D:2)
  4 endoplasms
  5 giant cockroaches (D:1)
  14 goblins
  4 hobgoblins
  2 kobolds (D:1)
  2 quokkas
  3 ball pythons
  4 bats
49 creatures vanquished.

Notes
Turn   | Place    | Note
-------+----------+-------------------------------------------
     0 | D:1      | pokeman the Deep Elf Hedge Wizard began the quest for the
                  | Orb.
     0 | D:1      | Reached XP level 1. HP: 10/10 MP: 7/7
   154 | D:1      | Reached XP level 2. HP: 16/16 MP: 3/9
   229 | D:1      | Upgraded the game from 0.31-a0-210-gccc998df9b to
                  | 0.31-a0-214-gb37851dbb3
   581 | D:1      | Reached skill level 5 in Spellcasting
   767 | D:1      | Reached XP level 3. HP: 20/20 MP: 5/11
   771 | D:1      | Learned a level 3 spell: Mephitic Cloud
   774 | D:1      | Learned a level 2 spell: Call Imp
   777 | D:1      | Learned a level 2 spell: Blink
  1255 | D:2      | Reached skill level 1 in Fighting
  1263 | D:2      | Noticed Robin
  1272 | D:2      | Reached skill level 1 in Armour
  1289 | D:2      | Killed Robin
  1418 | D:2      | Reached XP level 4. HP: 25/25 MP: 10/13
  1691 | D:2      | Killed from afar by an orc priest

Illustrated notes

Levels and vault maps discovered:
D:1:      sevenhm_arrival_forest_fort_small_6, layout_rooms
D:2:      cheibrodos_pilgrimage, layout_basic, kennysheep_generic_room_13,
          uniq_robin

Skill      XL: |  1  2  3 |
---------------+----------+-----
Spellcasting   | 5 |  5.5
Fighting       | 1 |  1.0
Armour         | 1 |  1.0
Conjurations   | 2 |  2.1
Dodging        | |  2.7
Stealth        | |  2.6
Summonings     | |  1.1
Translocations | |  1.1

Action                     |  1- 3 |  4- 6 || total
---------------------------+-------+-------++-------
  Melee: Dagger            |    14 |     8 ||    22
   Cast: Magic Dart        |    94 |    12 ||   106
 Armour: Robe              |     2 |     1 ||     3
  Dodge: Dodged            |    11 |     4 ||    15

Table legend: (Time is in decaauts)
 A = Elapsed time spent in this place.
 B = Non-inter-level travel time spent in this place.
 C = Inter-level travel time spent in this place.
 D = Time resting spent in this place.
 E = Time spent auto-exploring this place.
 F = Levels seen in this place.
 G = Mean time per level.
                   A        B        C        D        E       F      G
               +--------+--------+--------+--------+--------+-----+--------+
         Total |   1690 |   1678 |     12 |     93 |   1320 |   2 |  845.0 |
       Dungeon |   1690 |   1678 |     12 |     93 |   1320 |   2 |  845.0 |
               +--------+--------+--------+--------+--------+-----+--------+

Top non-repeatable levels by time:
     D:1: 1147 daAuts
     D:2: 542 daAuts
